Map: Catalyst LE

Players

HeRoMaRinE

  • Race: Terran Terran
  • Spawn Location: 5:00

Kelazhur - Winner!

  • Race: Terran Terran
  • Spawn Location: 11:00

Event: IEM Season 12 - PyeongChang

VOD

Have the link to the VOD?

Description

Time

  • Played on: Feb. 5, 2018, 2:03 a.m.
  • Length: 5:15

All games in this series

Show
View Real Time Build Order
Export as new Build Order

HeRoMaRinE Terran 

Build Orders: 1/1/1, Cyclone Opening 

Get SALT Encoding   

  12  0:00  SCV  
  13  0:12  SCV  
  14  0:17  Supply Depot  
  14  0:24  SCV  
  14  0:27  Refinery  
  15  0:38  SCV  
  16  0:46  Barracks  
  16  0:50  SCV  
  16  0:55  Refinery  
  17  1:02  SCV  
  18  1:15  SCV  
  19  1:32  Orbital Command  
  19  1:33  Reaper  
  19  1:38  Factory  
  20  1:50  Supply Depot  
  20  1:58  SCV  
  21  2:05  Reaper  
  22  2:10  SCV  
  23  2:22  SCV, Hellion  
  26  2:23  Starport  
  26  2:27  Supply Depot  
  26  2:34  SCV  
  27  2:38  Barracks Tech Lab  
  27  2:43  Cyclone  
  30  2:46  SCV  
  31  2:58  SCV  
  32  3:06  Cloaking Field  
  32  3:07  Banshee  
  35  3:23  Cyclone  
  38  3:31  Command Center  
  38  3:37  Supply Depot  
  38  3:45  Barracks Reactor  
  39  3:55  SCV  
  39  4:02  Viking  
  41  4:04  Cyclone  
  41  4:07  SCV  
  44  4:15  Refinery  
  44  4:20  SCV  
  43  4:32  SCV, Marine x2  
  42  4:44  SCV  
  42  4:45  Orbital Command  
  34  4:56  SCV  
Show
View Real Time Build Order
Export as new Build Order

Kelazhur Terran - Winner!

Build Orders: 1/1/1, Cyclone Opening 

Get SALT Encoding   

  12  0:00  SCV  
  13  0:12  SCV  
  14  0:17  Supply Depot  
  14  0:24  SCV  
  15  0:28  Refinery  
  15  0:38  SCV  
  16  0:45  Barracks  
  16  0:51  SCV  
  16  0:55  Refinery  
  17  1:03  SCV  
  18  1:15  SCV  
  19  1:31  Orbital Command  
  19  1:33  Factory  
  19  1:35  Reaper  
  20  1:45  Supply Depot  
  20  1:57  SCV  
  21  2:07  Reaper  
  22  2:09  SCV  
  23  2:19  Cyclone, Starport  
  26  2:23  SCV  
  27  2:30  Supply Depot  
  27  2:35  SCV  
  28  2:40  Barracks Tech Lab  
  28  2:50  SCV  
  29  2:52  Hellion  
  31  3:02  SCV, Cloaking Field, Banshee  
  35  3:08  Supply Depot  
  35  3:14  SCV  
  35  3:19  Cyclone  
  39  3:36  SCV  
  40  3:45  Banshee  
  43  4:03  Command Center  
  43  4:06  SCV  
  43  4:08  Engineering Bay  
  44  4:10  Supply Depot  
  44  4:19  Cyclone  
  44  4:20  Barracks Reactor  
  47  4:32  SCV  
  47  4:38  Missile Turret  
  48  4:39  Viking  
  48  4:44  SCV  
  50  4:56  SCV  
  49  5:12  Missile Turret  

Tags
 
Add a new tag
Caveats
  • Supply blocks, unpowered buildings, or Contaminate may cause inaccurate times.
  • Supply counts are checked every 10 seconds.